AoeStats
← rakunt

Arena

508715912Analyzed
1v1 RM · 10d ago on Sep 23, 2026· 70m 32s· 2 players
Game mode
Random Map
Map size
Tiny (2 player)
Population
200
Speed
Normal
Resources
Standard
Victory
Conquest
Starting age
Dark Age
Ending age
Imperial Age
RankedLock teamsTeams togetherTeam positionsShared explorationLock speedFull tech treeHidden civsTurbo modeCheats
Victory
Defeat
🇨🇱 Romans · Chile
885
+17
🇨🇳 Mongols · China
917
-17
rakunt
11:21 Feudal Age
16:59 Castle Age
16:18 Double-Bit Axe
16:24 Horse Collar
17:11 Gold Mining
18:04 Bow Saw
18:17 Heavy Plow
19:49 Man-at-Arms
21:58 Long Swordsman
23:00 Scale Mail Armor
26:42 Chain Mail Armor
28:20 Gold Shaft Mining
28:46 Squires
33:11 Stone Mining
35:57 Imperial Age
34:44 Ballistics
36:41 Heavy Scorpion
36:45 Legionary
38:33 Conscription
39:05 Capped Ram
40:33 Crop Rotation
41:38 Ballistas
42:10 Siege Ram
44:49 Comitatenses
49:48 Chemistry
52:00 Town Watch
52:53 Wheelbarrow
53:15 Town Patrol
53:02 Loom
63:37 Elite Skirmisher
66:50 Fletching
67:01 Padded Archer Armor
67:35 Fortified Wall
67:45 Bodkin Arrow
70:43 Leather Archer Armor
Chainbreaker
11:17 Feudal Age
13:53 Loom
14:51 Wheelbarrow
17:08 Castle Age
15:54 Double-Bit Axe
15:52 Horse Collar
20:02 Bow Saw
19:56 Heavy Plow
22:35 Hand Cart
24:36 Gold Mining
25:11 Stone Mining
26:00 Gold Shaft Mining
27:10 Fletching
27:26 Scale Barding Armor
27:36 Forging
27:27 Padded Archer Armor
28:53 Thumb Ring
30:39 Ballistics
30:16 Murder Holes
30:26 Nomads
30:59 Bloodlines
30:51 Husbandry
31:08 Loom
31:09 Town Watch
35:05 Imperial Age
34:36 Iron Casting
36:13 Conscription
36:32 Bodkin Arrow
36:55 Leather Archer Armor
37:16 Elite Mangudai
41:22 Bracer
42:27 Chemistry
43:07 Light Cavalry
49:53 Herbal Medicine
67:58 Parthian Tactics
67:10 Heavy Cavalry Archer
Connection lost

Rejoining the realm…

Still unreachable

The connection could not be restored.

Session expired

The server has moved on; the page needs a fresh start.